 Dungeon Crawl Stone Soup version 0.21-a0-444-g29a2fec (webtiles) character file.

170 theanonym the Archer (level 5, -2/41 HPs)
             Began as a Centaur Hunter on Nov 17, 2017.
             Slain by Crazy Yiuf
             ... wielding a +3 quarterstaff of chaos
              (6 damage)
             ... on level 2 of the Dungeon.
             The game lasted 00:03:41 (2409 turns).

theanonym the Archer (Centaur Hunter)               Turns: 2409, Time: 00:03:42

Health: -2/41      AC:  4    Str: 15    XL:     5   Next: 25%
Magic:  5/5        EV:  9    Int: 10    God:
Gold:   77         SH:  0    Dex: 10    Spells: 4/4 levels left

rFire    . . .     SeeInvis .   l - +1 shortbow
rCold    . . .     Gourm    .   (shield currently unavailable)
rNeg     . . .     Faith    .   c - +0 leather armour
rPois    .         Spirit   .   (no helmet)
rElec    .         Reflect  .   (no cloak)
rCorr    .         Harm     .   (no gloves)
MR       .....                  (no barding)
Stlth    +.........             (no amulet)
HPRegen  0.13/turn              (no ring)
MPRegen  0.09/turn              (no ring)

@: lethally poisoned (-2 -> -11), flying, slowed, drained
A: hooves 3, deformed body, speed 2, tough skin 3
a: no special abilities


Innate Abilities, Weirdness & Mutations

You have hooves in place of feet.
Armour fits poorly on your strangely shaped body.
You cover ground very quickly.
You have extremely tough skin. (AC +3)


   Skills:
 - Level 2.0(1.6) Fighting
 + Level 8.7(8.3) Bows
 - Level 1.3(1.0) Dodging
 - Level 0.4(0.0) Stealth


You had 4 spell levels left.
You didn't know any spells.

Skill      XL: |  1  2  3  4 |
---------------+-------------+-----
Bows           | 6 7 8 |  8.7
Fighting       | |  2.0
Dodging        | |  1.3
Stealth        | |  0.4

Action                   |  1- 3 |  4- 6 || total
-------------------------+-------+-------++-------
Melee: Short sword       |    66 |    15 ||    81
       Kick              |    18 |     4 ||    22
       Dagger            |    26 |     4 ||    30
 Fire: Shortbow          |    14 |    33 ||    47
  Use: Potion            |       |     1 ||     1
  Eat: Chunk             |     2 |     1 ||     3
Armor: Leather armour    |    31 |    11 ||    42
Dodge: Dodged            |    39 |    14 ||    53

Inventory:

Hand Weapons
 a - a +4 dagger
   (You found it on level 1 of the Dungeon)
 b - a +0 short sword
 l - a +1 shortbow (weapon)
Missiles
 d - 10 arrows (quivered)
Armour
 c - a +0 leather armour (worn)
 e - a +0 pair of gloves
   (You found it on level 1 of the Dungeon)
Jewellery
 p - an uncursed ring of ice {rC+, rF-}
   (You took it off a hobgoblin on level 2 of the Dungeon)
Scrolls
 g - a scroll of fog {unknown}
 h - 2 scrolls of identify {unknown}
 o - 2 scrolls of immolation {unknown}
 s - a scroll of remove curse {unknown}
 t - a scroll of fear {unknown}
 v - a scroll of recharging {unknown}
 w - a scroll of random uselessness {unknown}
Potions
 k - a potion of might {unknown}
 q - 2 potions of heal wounds {unknown}
 r - a potion of curing {unknown}
 u - 2 potions of flight
Comestibles
 f - 2 bread rations
 i - 4 chunks of flesh
 j - 3 royal jellies
 x - a fruit

Dungeon Overview and Level Annotations

Branches:
Dungeon (2/15)

Altars:
Xom
The Shining One

Annotations:
D:2 Crazy Yiuf


You were on level 2 of the Dungeon.
You were not hungry.

You visited 1 branch of the dungeon, and saw 2 of its levels.

You collected 77 gold pieces.


Message History

A hobgoblin is nearby!
A hobgoblin is nearby!
Wield which item (- for none, * to show all)? (? for menu, Esc to quit)
l - a +4 dagger (weapon)
Adjust (i)tems, (s)pells, or (a)bilities?
Adjust which item? (? for menu, Esc to quit)
l - a +4 dagger (weapon)
Adjust to which letter? (? for menu, Esc to quit)
a - a +4 dagger (weapon);
l - a +1 shortbow The hobgoblin hits you.
You take 3 damage, and have 38/41 hp.
You hit the hobgoblin but do no damage. The hobgoblin hits you.
You take 2 damage, and have 36/41 hp.
You hit the hobgoblin. The hobgoblin hits you.
You take 2 damage, and have 34/41 hp.
You hit the hobgoblin.
The hobgoblin hits you but does no damage.
Some of the chunks of flesh in your inventory have rotted away.
You hit the hobgoblin.
You kill the hobgoblin!
No target in view!
You start resting.
Some of the chunks of flesh in your inventory have rotted away.
Health restored: 41 Put on which piece of jewellery? (? for menu, Esc to quit)
m - a ring of wizardry (left hand) Put on which piece of jewellery? (? for menu, Esc to quit)
n - a ring of flight (right hand) Put on which piece of jewellery? (? for menu, Esc to quit)
You're wearing all the rings you can.
Remove which one? (? for menu, Esc to cancel) < or
m - a ring of wizardry {Wiz+}; > or
n - a ring of flight {+Fly} You remove your ring of flight {+Fly}.
You feel more attuned to ice.
p - a ring of ice (right hand) Drop what? 24/52 slots (_ for help) (? for menu, Esc to quit)
You drop an uncursed ring of flight {+Fly}.
You remove your ring of wizardry {Wiz+}.
You drop an uncursed ring of wizardry {Wiz+}.
Put on which piece of jewellery? (? for menu, Esc to quit)
You remove your ring of ice {rC+, rF-}.
Okay, then.
Unknown command.
You see here a mace.
Partly explored, unopened runed door.
b - a +0 short sword (weapon)
You open the door.
Crazy Yiuf the Enlightened comes into view.
He is wielding a quarterstaff of chaos.
Found a mace.
Crazy Yiuf whimpers, "Shadow sanguine King!"
There is an open door here.
a - a +4 dagger (weapon)
Wield which item (- for none, * to show all)? (? for menu, Esc to quit)
l - a +1 shortbow (weapon)
Crazy Yiuf closely misses you.
Aim: Crazy Yiuf, wielding a quarterstaff of chaos and wearing a cloak You shoot an arrow.
The arrow barely misses Crazy Yiuf.
Crazy Yiuf hits you with a quarterstaff of chaos.
You are poisoned.
You take 2 damage, and have 39/41 hp.
Aim: Crazy Yiuf, wielding a quarterstaff of chaos and wearing a cloak You shoot an arrow.
The arrow closely misses Crazy Yiuf.
You feel sick. Crazy Yiuf closely misses you.
You take 1 damage, and have 38/41 hp.
Aim: Crazy Yiuf, wielding a quarterstaff of chaos and wearing a cloak You shoot an arrow.
The arrow hits Crazy Yiuf.
Aim: Crazy Yiuf, wielding a quarterstaff of chaos and wearing a cloak (moderately wounded)
You shoot an arrow. The arrow barely misses Crazy Yiuf.
Crazy Yiuf hits you with a quarterstaff of chaos.
You take 5 damage, and have 33/41 hp.
Aim: Crazy Yiuf, wielding a quarterstaff of chaos and wearing a cloak (moderately wounded)
You shoot an arrow.
The arrow hits Crazy Yiuf but does no damage.
You feel sick.
Crazy Yiuf flaps his cloak.
Crazy Yiuf hits you with a quarterstaff of chaos!
You feel yourself slow down.
You take 7 damage, and have 26/41 hp.
You are too injured to fight recklessly!
You are too injured to fight recklessly!
You are too injured to fight recklessly!
Aim: Crazy Yiuf, wielding a quarterstaff of chaos and wearing a cloak (moderately wounded)
You shoot an arrow. The arrow closely misses Crazy Yiuf.
Crazy Yiuf yells, "Shadow disdain leg!"
Crazy Yiuf hits you with a quarterstaff of chaos.
You are more poisoned.
You take 5 damage, and have 21/41 hp.
Aim: Crazy Yiuf, wielding a quarterstaff of chaos and wearing a cloak (moderately wounded)
You shoot an arrow. The arrow hits Crazy Yiuf.
You feel sick.
Crazy Yiuf hits you with a quarterstaff of chaos.
* * * LOW HITPOINT WARNING * * *
You take 3 damage, and have 18/41 hp.
It was a potion of flight.
You feel very buoyant.
You fly up into the air.
You feel sick.
Crazy Yiuf says, "Rifle!"
Crazy Yiuf hits you with a quarterstaff of chaos!
* * * LOW HITPOINT WARNING * * *
You feel drained.
You die...

.......# ##.###.#
##.# #.# .#.# #.#
...# #.# ...#
#.### ♣♣♣♣♣###
...# #...# ####
♣♣♣.♣....##
.#.###..##
#...#♣..♣......##
##.#....#
#(.(g@♣♣♣♣......#
...#.##.# #)..#♣♣
♣♣.....#
####.##.# ####
♣♣###.# ...#.##.#
#..# ##.#.##.#
#.## #.......#
### ##### ##.#
...###.#####.#
#.#.###..# ...#
#.......#
#.#.....##
...###.#######
#.#.#####


You could see Crazy Yiuf.

Notes
Turn   | Place    | Note
-------+----------+-------------------------------------------
     0 | D:1      | theanonym the Centaur Hunter began the quest for the Orb.
     0 | D:1      | Reached XP level 1. HP: 17/17 MP: 1/1
    37 | D:1      | HP: 8/17 [leopard gecko (4)]
   308 | D:1      | Reached skill level 6 in Bows
   308 | D:1      | Reached XP level 2. HP: 18/24 MP: 2/2
   324 | D:1      | HP: 12/24 [rat (3)]
  1134 | D:2      | Reached XP level 3. HP: 29/29 MP: 3/3
  1160 | D:2      | Found a runed door.
  1315 | D:2      | HP: 14/29 [worm (11)]
  1324 | D:2      | Reached skill level 7 in Bows
  1765 | D:2      | Reached XP level 4. HP: 25/36 MP: 4/4
  1930 | D:2      | Noticed Natasha
  1947 | D:2      | Killed Natasha
  1947 | D:2      | Reached skill level 8 in Bows
  2009 | D:2      | Found a shimmering altar of Xom.
  2010 | D:2      | Found a glowing golden altar of the Shining One.
  2058 | D:2      | Noticed Jessica
  2062 | D:2      | Killed Jessica
  2108 | D:2      | Noticed Natasha
  2118 | D:2      | Killed Natasha
  2118 | D:2      | Reached XP level 5. HP: 32/41 MP: 5/5
  2397 | D:2      | Noticed Crazy Yiuf
  2408 | D:2      | HP: 19/41 [poisoned by Crazy Yiuf]
  2409 | D:2      | HP: 4/41 [Crazy Yiuf/quarterstaff of chaos (13)]
  2409 | D:2      | Slain by Crazy Yiuf

Vanquished Creatures
  Jessica (D:2)
  Natasha (twice) (D:2)
  3 adders (D:2)
  4 worms
  3 leopard geckos
  2 ball pythons (D:1)
  4 bats
  2 giant cockroaches
  2 goblins (D:1)
  12 hobgoblins
  4 jackals (D:2)
  7 frilled lizards
  3 kobolds
  6 rats
55 creatures vanquished.
